 Dungeon Crawl Stone Soup version 0.27-b1-42-g19c61b19a5 (webtiles) character file.

Game seed: 7387997255624440926

536 shadowrider38 the Cleaver (level 7, -7/57 HPs)
             Began as a Minotaur Berserker on July 29, 2021.
             Was an Elder of Trog.
             Mangled by a gnoll sergeant (12 damage)
             ... on level 4 of the Dungeon.
             The game lasted 00:10:03 (3594 turns).

shadowrider38 the Cleaver (Minotaur Berserker)      Turns: 3594, Time: 00:10:04

Health: -7/57      AC:  6    Str: 24    XL:     7   Next: 4%
Magic:  6/6        EV: 10    Int:  4    God:    Trog [****..]
Gold:   139        SH:  0    Dex:  9    Spells: 6/6 levels left

rFire    . . .     SeeInvis .   a - +0 war axe
rCold    . . .     Faith    .   (no shield)
rNeg     . . .     Spirit   .   p - +0 scale mail
rPois    .         Reflect  .   (helmet restricted)
rElec    .         Harm     .   (no cloak)
rCorr    .         Rampage  .   (no gloves)
Will     .....                  (no boots)
Stlth    ..........             (no amulet)
HPRegen  0.19/turn              (no ring)
MPRegen  0.10/turn              (no ring)

@: lethally poisoned (-7 -> -26)
A: horns 2, retaliatory headbutt
a: Renounce Religion, Berserk, Trog's Hand, Brothers in Arms


You were on level 4 of the Dungeon.
You worshipped Trog.
Trog was greatly pleased with you.
You visited 1 branch of the dungeon, and saw 4 of its levels.

You collected 139 gold pieces.

Inventory:

Hand Weapons
 a - a +0 war axe (weapon)
 m - a +0 hunting sling
 o - a +0 hand axe
Missiles
 n - 198 stones (quivered)
Armour
 b - a +0 animal skin
 f - a +0 ring mail of cold resistance
 i - the +0 helmet of Melancholy {-Cast rC+ Will+}
   (You took it off Robin on level 2 of the Dungeon)

   rC:        It protects you from cold.
   -Cast:     It prevents spellcasting.
   Will:      It increases your willpower.
 p - a +0 scale mail (worn)
Jewellery
 s - a ring of fire
 t - a ring of magical power
Scrolls
 c - a scroll of fog {unknown}
 d - 5 scrolls of identify {unknown}
 e - a scroll of teleportation {unknown}
 j - a scroll of fear {unknown}
 l - a scroll of enchant armour {unknown}
 q - a scroll of vulnerability {unknown}
Potions
 g - a potion of flight {unknown}
 k - 5 potions of curing {unknown}
 r - a potion of ambrosia {unknown}


   Skills:
 - Level 3.6 Fighting
 + Level 9.7 Axes
 - Level 2.4 Armour
 - Level 2.1 Dodging


You had 6 spell levels left.
You didn't know any spells.
Your spell library was empty.

Dungeon Overview and Level Annotations

Branches:
Dungeon (4/15)
 Temple: D:4-7

Altars:
Sif Muna

Shops:
D:1 =


Innate Abilities, Weirdness & Mutations

You have a pair of horns on your head.
You reflexively headbutt those who attack you in melee.


Message History

a +0 flail; a +0 leather armour; an orc corpse Unknown command.
You start resting.
A gnoll sergeant comes into view. It is wielding a +2 trident of venom.
Things that are here:
a +0 club; a +0 leather armour Unknown command.
You start resting.
A gnoll sergeant is nearby!
Unknown command.
You start resting.
A gnoll sergeant is nearby!
The gnoll sergeant shouts!
The gnoll sergeant barely misses you.
Things that are here:
a +0 club; a +0 leather armour You barely miss the gnoll sergeant.
The gnoll sergeant hits you with a +2 trident of venom!
You are poisoned.
You hit the gnoll sergeant.
The gnoll sergeant is lightly wounded.
You feel very sick.
A gnoll comes into view. It is wielding a +0 halberd.
The gnoll sergeant hits you with a +2 trident of venom.
You are more poisoned.
You slash the gnoll sergeant!
The gnoll sergeant is heavily wounded.
You feel very sick.
The gnoll sergeant hits you with a +2 trident of venom!
You barely miss the gnoll sergeant.
The gnoll sergeant is heavily wounded.
You feel very sick.
The gnoll sergeant hits you with a +2 trident of venom.
* * * LOW HITPOINT WARNING * * *
You are more poisoned.
It was a potion of cancellation.
You feel magically purged.
* * * LOW HITPOINT WARNING * * *
You feel very sick.
The gnoll sergeant hits you with a +2 trident of venom!
You die...

.....P.
.................
....≈≈≈≈≈
≈≈≈≈≈≈≈(...≈≈≈≈≈≈
....≈≈≈≈≈≈
≈≈≈≈≈≈≈....≈≈≈≈≈≈
....≈≈####
≈≈≈≈≈≈≈....≈≈≈≈≈≈
....≈≈# .
.................
....≈≈#
#########''''######
#.......#....#.....
#.......#....#)....
#.@.)..))....)....)
#g#################
#.......# #g.......
#.......g ........#
.######## . : ##


You could see a gnoll sergeant and a gnoll.

Vanquished Creatures
  A black bear (D:4)
  A scorpion (D:4)
  A water moccasin skeleton (D:4)
  A centaur zombie (D:4)
  Jessica (D:2)
  2 hound skeletons (D:4)
  Robin (D:2)
  2 adders
  5 gnolls (D:4)
  2 adder skeletons
  3 worms
  3 dart slugs
  26 orcs
  2 ball pythons
  7 bats
  4 endoplasms
  6 giant cockroaches
  7 hobgoblins
  8 jackals
  A quokka (D:4)
  6 frilled lizards
  22 goblins
  7 kobolds
  6 rats
125 creatures vanquished.

Vanquished Creatures (others)
  11 plants (D:4)
11 creatures vanquished.

Grand Total: 136 creatures vanquished

Notes
Turn   | Place    | Note
-------+----------+-------------------------------------------
     0 | D:1      | shadowrider38 the Minotaur Berserker began the quest for
                  | the Orb.
     0 | D:1      | Reached XP level 1. HP: 19/19 MP: 0/0
    65 | D:1      | Reached skill level 4 in Axes
   142 | D:1      | Found Juoguor's Jewellery Shop.
   214 | D:1      | Reached XP level 2. HP: 23/26 MP: 1/1
   465 | D:1      | Reached skill level 5 in Axes
   465 | D:1      | Reached ** piety under Trog
   537 | D:1      | Reached XP level 3. HP: 26/31 MP: 2/2
   899 | D:2      | Noticed Jessica
   902 | D:2      | Identified the +0 helmet of Melancholy {-Cast rC+ Will+}
   902 | D:2      | Noticed Robin
   922 | D:2      | Killed Jessica
   923 | D:2      | Reached skill level 6 in Axes
   923 | D:2      | Reached XP level 4. HP: 27/39 MP: 3/3
   930 | D:2      | Killed Robin
  1096 | D:2      | Found a shimmering blue altar of Sif Muna.
  2078 | D:3      | Reached *** piety under Trog
  2180 | D:3      | Reached XP level 5. HP: 42/45 MP: 4/4
  2219 | D:3      | Reached skill level 7 in Axes
  2401 | D:3      | Found a faded altar of an unknown god.
  2777 | D:4      | Reached skill level 8 in Axes
  2876 | D:4      | Reached XP level 6. HP: 50/51 MP: 5/5
  2996 | D:4      | Reached skill level 9 in Axes
  3192 | D:4      | Reached **** piety under Trog
  3437 | D:4      | Reached XP level 7. HP: 31/56 MP: 6/6
  3594 | D:4      | Mangled by a gnoll sergeant

Illustrated notes

Levels and vault maps discovered:
D:1:      scummos_arrival_checkerplants, layout_rooms, serial_shops, shop
D:2:      layout_rooms, basic_altar, uniq_robin, uniq_jessica
D:3:      corexii_shack_village, layout_loops_ring,
          hellmonk_ecumenical_altar_inner_sanctum, minivault_5
D:4:      lemuel_castle_with_subvaults [lemuel_castle_interior_carwin_3],
          layout_rooms, serial_bayou, serial_bayou_pond_d, serial_bayou_pond_a,
          serial_bayou_pond_c, serial_bayou_shore_b

Skill      XL: |  1  2  3  4  5  6 |
---------------+-------------------+-----
Axes           | 4 5 6 8 9 |  9.7
Fighting       | |  3.6
Armour         | |  2.4
Dodging        | |  2.1

Action                   |  1- 3 |  4- 6 |  7- 9 || total
-------------------------+-------+-------+-------++-------
Melee: Hand axe          |    69 |    48 |       ||   117
       Headbutt          |    11 |    28 |     3 ||    42
       War axe           |       |   133 |    19 ||   152
  Use: Potion            |       |       |     1 ||     1
Armor: Animal skin       |    18 |       |       ||    18
       Ring mail         |     3 |    15 |       ||    18
       Scale mail        |       |    41 |     5 ||    46
Dodge: Dodged            |    36 |    97 |     6 ||   139
